[Event "Titled Tuesday Blitz September 20 Late 2022"]
[White "Sokolovsky, Yahli"]
[Black "Hansen, Eric"]
[WhiteFideId "2820242"]
[BlackFideId "2606771"]
[WhiteElo "1920"]
[BlackElo "2568"]
[Result "1-0"]
[Round "05"]
[TimeControl "180+1"]
[Date "2022.09.20"]
[WhiteClock "0:00:08"]
[BlackClock "0:00:01"]

1. b3 e5 2. Bb2 Nc6 3. e3 Nf6 4. Nf3 e4 5. Nd4 d5 6. c4 dxc4 7. Nxc6 bxc6 8. Bxc4 Bd6 9. Nc3 Qe7 10. d3 Bg4 11. Qc2 exd3 12. Bxd3 Rd8 13. Ne4 Bb4+ 14. Kf1 Nxe4 15. Qxc6+ Kf8 16. Bxe4 Rd2 17. Qa8+ Rd8 18. Qc6 h5 19. h3 Rh6 20. Qc4 Be6 21. Qc1 Bxh3 22. Rxh3 Qxe4 23. Qxc7 Qd3+ 24. Kg1 Qd1+ 25. Rxd1 Rxd1+ 26. Kh2 Bd6+ 27. Qxd6+ Rdxd6 28. Ba3 Ke7 29. Rh4 Kd7 30. Bxd6 Rxd6 31. Rxh5 Rd2 32. Ra5 Rxf2 33. Rxa7+ Ke6 34. Kg3 Re2 35. Kf3 Rb2 36. g4 g5 37. Ra6+ Ke5 38. Ra5+ Kf6 39. Ke4 Kg6 40. Ra6+ f6 41. Kf3 Kf7 42. e4 Rh2 43. Kg3 Re2 44. Kf3 Rb2 45. Ra4 Ke6 46. b4 Ke5 47. Ra5+ Kd4 48. Rd5+ Kc4 49. Rd6 Rxa2 50. Rxf6 Ra3+ 51. Ke2 Kd4 52. Rf5 Kxe4 53. Rxg5 Ra2+ 54. Kd1 Rb2 55. b5 Kf4 56. Rc5 Kxg4 57. Kc1 Rb4 58. Kc2 Kf3 59. Kc3 Rb1 60. Kd4 Kf4 61. Rh5 Rb4+ 62. Kc5 Rb1 63. b6 Ke4 64. Kc6 Rc1+ 65. Rc5 Rh1 66. b7 Rh8 67. Rb5 1-0


[Site "https://www.chess.com"]

[Event "Titled Tuesday Blitz September 20 Late 2022"]
[White "Terry, Renato"]
[Black "Shimanov, Aleksandr"]
[WhiteFideId "3803457"]
[BlackFideId "4198603"]
[WhiteElo "2577"]
[BlackElo "2605"]
[Result "0-1"]
[Round "05"]
[TimeControl "180+1"]
[Date "2022.09.20"]
[WhiteClock "0:00:00"]
[BlackClock "0:00:07"]

1. e4 d5 2. exd5 Qxd5 3. Nc3 Qe5+ 4. Be2 Bg4 5. d4 Bxe2 6. Qxe2 Qxe2+ 7. Ngxe2 e6 8. d5 exd5 9. Nxd5 Bd6 10. Bf4 Bxf4 11. Nexf4 Na6 12. O-O-O O-O-O 13. Rhe1 g6 14. Rd3 h5 15. h4 Nh6 16. Re7 c6 17. Nf6 Nc5 18. Rc3 Nd7 19. Ne4 Nb6 20. Nc5 Nd7 21. Ne4 Nb6 22. Ra3 a6 23. Rb3 Rd7 24. Rxd7 Nxd7 25. Nd6+ Kc7 26. Nxb7 Re8 27. Na5 Re1+ 28. Kd2 Rf1 29. Ke2 Rc1 30. Rc3 Ne5 31. Nd3 Nxd3 32. Rxc6+ Kd7 33. Kxd3 Rd1+ 34. Ke2 Rb1 35. Rb6 Nf5 36. g3 Nd4+ 37. Kd3 Ne6 38. Nc4 Kc7 39. Kd2 Rf1 40. Ke2 Rc1 41. Kd2 Rf1 42. Rxa6 Rxf2+ 43. Kc3 Rf3+ 44. Kb4 Nd4 45. c3 Nc6+ 0-1


[Site "https://www.chess.com"]

[Event "Titled Tuesday Blitz September 20 Late 2022"]
[White "Vasquez Schroeder, Rodrigo"]
[Black "Sjugirov, Sanan"]
[WhiteFideId "3400042"]
[BlackFideId "4189302"]
[WhiteElo "2577"]
[BlackElo "2609"]
[Result "1/2-1/2"]
[Round "05"]
[TimeControl "180+1"]
[Date "2022.09.20"]
[WhiteClock "0:00:46"]
[BlackClock "0:00:15"]

1. e4 c6 2. d4 d5 3. exd5 cxd5 4. Bd3 Nc6 5. c3 Nf6 6. Bf4 Bg4 7. Qb3 Qd7 8. Nd2 e6 9. Ngf3 Bd6 10. Bg3 O-O 11. O-O Bxg3 12. hxg3 Qc7 13. Rfe1 Ne7 14. Qc2 Bf5 15. a4 Rac8 16. Ne5 Bxd3 17. Nxd3 Nf5 18. Qd1 a5 19. Nb1 Nd6 20. Na3 Nfe4 21. Qe2 Rfe8 22. g4 h6 23. f3 Nf6 24. Nc2 Nd7 25. Ne3 Rb8 26. Qf2 Rec8 27. Qg3 Nc4 28. Qxc7 Rxc7 29. Ra2 Nd6 30. Kf2 Kf8 31. Ke2 Nb6 32. Nc5 Nbc4 33. Nxc4 Nxc4 34. Kd1 Re8 35. b3 Nd6 36. Rc2 b6 37. Nd3 Rec8 38. Kd2 g6 39. Nb2 Kg7 40. Rec1 Rd8 41. Nd3 Kf6 42. Ke3 Rdc8 43. Ne5 Kg7 44. Kd2 Rd8 45. Nd3 Rdc8 46. Ne5 Rd8 47. Nd3 1/2-1/2


[Site "https://www.chess.com"]

[Event "Titled Tuesday Blitz September 20 Late 2022"]
[White "Xiong, Jeffery"]
[Black "Muradli, Mahammad"]
[WhiteFideId "2047640"]
[BlackFideId "13409301"]
[WhiteElo "2714"]
[BlackElo "2611"]
[Result "1-0"]
[Round "05"]
[TimeControl "180+1"]
[Date "2022.09.20"]
[WhiteClock "0:00:05"]
[BlackClock "0:00:01"]

1. c4 g6 2. d4 Bg7 3. e4 d6 4. Nc3 Nf6 5. Be2 O-O 6. Be3 c5 7. dxc5 e6 8. cxd6 Nc6 9. c5 b6 10. cxb6 axb6 11. Qd2 e5 12. Nf3 Bg4 13. O-O Bxf3 14. Bxf3 Nd7 15. Nb5 Nc5 16. Rfc1 Ra5 17. b4 Rxb5 18. bxc5 Nd4 19. Bg5 Bf6 20. Bh6 Bg7 21. Bg5 Bf6 22. Bh6 Re8 23. Bg4 Qa8 24. d7 Rd8 25. cxb6 Qxe4 26. h3 Rxb6 27. Rc8 Rb8 28. Re1 Qa8 29. Bg5 Bxg5 30. Qxg5 Rbxc8 31. dxc8=Q Rxc8 32. Bxc8 Qxc8 33. Qxe5 Ne6 34. Rb1 Qc6 35. Rb8+ Nf8 36. Qf4 Kg7 37. Qd4+ Kg8 38. Qb4 Qc1+ 39. Kh2 Qh6 40. a4 Qg7 41. a5 h5 42. Qxf8+ 1-0


[Site "https://www.chess.com"]

[Event "Titled Tuesday Blitz September 20 Late 2022"]
[White "Adewumi, Tanitoluwa"]
[Black "Khlebovich, Alexander"]
[WhiteFideId "30966396"]
[BlackFideId "4169123"]
[WhiteElo "2575"]
[BlackElo "2355"]
[Result "0-1"]
[Round "06"]
[TimeControl "180+1"]
[Date "2022.09.20"]
[WhiteClock "0:00:12"]
[BlackClock "0:01:15"]

1. e4 c5 2. Nf3 d6 3. Bb5+ Bd7 4. Bxd7+ Nxd7 5. O-O Ngf6 6. Qe2 e6 7. c3 Be7 8. d4 O-O 9. e5 dxe5 10. dxe5 Nd5 11. c4 Nb4 12. Nc3 Qc7 13. Bf4 a6 14. a3 Nc6 15. Nd5 exd5 16. cxd5 Ncxe5 17. Nxe5 Nxe5 18. Qxe5 Qxe5 19. Bxe5 Rad8 20. Rfd1 Bd6 21. Bxd6 Rxd6 22. Rac1 b6 23. b4 cxb4 24. axb4 Rfd8 25. Rd2 g5 26. Rcd1 Kg7 27. f3 Kf6 28. Kf2 Rc8 29. Ke3 Ke5 30. Rd4 Rc3+ 31. Ke2 Rc2+ 32. R1d2 Rxd2+ 33. Rxd2 Rxd5 34. Ra2 a5 35. bxa5 bxa5 36. Ra4 Kd6 37. Rc4 Rc5 38. Rd4+ Kc6 39. Rd8 a4 40. Ra8 Kb5 41. Ke3 Kb4 42. g3 a3 43. Kd4 Rb5 44. h4 Kb3 45. hxg5 a2 46. f4 Rb4+ 47. Ke5 Ra4 48. Rb8+ Ka3 0-1


[Site "https://www.chess.com"]

[Event "Titled Tuesday Blitz September 20 Late 2022"]
[White "Atanasov, Anthony"]
[Black "Shandrygin, Nikita"]
[WhiteFideId "2623897"]
[BlackFideId "24198668"]
[WhiteElo "1933"]
[BlackElo "2323"]
[Result "1-0"]
[Round "06"]
[TimeControl "180+1"]
[Date "2022.09.20"]
[WhiteClock "0:00:03"]
[BlackClock "0:00:06"]

1. e4 c5 2. Nf3 e6 3. d4 cxd4 4. Nxd4 Nf6 5. Nc3 Nc6 6. Nxc6 bxc6 7. e5 Nd5 8. Ne4 Qc7 9. f4 Qb6 10. c4 Bb4+ 11. Ke2 f5 12. Nf2 Ba6 13. Kf3 Ne7 14. Be3 Bc5 15. Bxc5 Qxc5 16. Qd6 Qa5 17. a4 c5 18. Be2 Nc6 19. Rhd1 Nd4+ 20. Rxd4 cxd4 21. b4 Bb7+ 22. Kg3 Qd8 23. b5 Kf7 24. h4 Qe7 25. c5 Rhc8 26. Nd3 Be4 27. Rc1 Bxd3 28. Bxd3 h6 29. Qxd4 g5 30. hxg5 hxg5 31. Kf2 gxf4 32. a5 Rd8 33. Rh1 Qg5 34. Rh7+ Kg6 35. Rxd7 Qg3+ 36. Kf1 f3 37. Bxf5+ Kxf5 38. Qd3+ Kxe5 39. Qd6+ Kf5 40. Rf7+ Kg4 41. Rg7+ Kh5 42. Qxg3 fxg2+ 43. Qxg2 Rf8+ 44. Ke2 Rf4 45. Qg5# 1-0


[Site "https://www.chess.com"]

[Event "Titled Tuesday Blitz September 20 Late 2022"]
[White "Baskakov, Egor"]
[Black "Safarli, Eltaj"]
[WhiteFideId "24197866"]
[BlackFideId "13402129"]
[WhiteElo "2211"]
[BlackElo "2634"]
[Result "0-1"]
[Round "06"]
[TimeControl "180+1"]
[Date "2022.09.20"]
[WhiteClock "0:00:21"]
[BlackClock "0:01:26"]

1. e4 c5 2. Nf3 Nf6 3. Nc3 d5 4. exd5 Nxd5 5. g3 g6 6. Bg2 Bg7 7. O-O O-O 8. Re1 Nc6 9. Nxd5 Qxd5 10. Ne5 Qd6 11. Nxc6 bxc6 12. d3 Bf5 13. Bf4 Qd7 14. Be5 f6 15. Bf4 e5 16. Be3 Qd6 17. Qd2 Rfd8 18. Qa5 Bf8 19. a3 c4 20. dxc4 Bxc2 21. b4 Qe6 22. Qa6 e4 23. Rac1 Bd3 24. b5 Rac8 25. a4 Bb4 26. Red1 f5 27. Bxa7 Ba3 28. b6 Bxc1 29. Rxc1 c5 30. Qb5 e3 31. Qb2 Bxc4 32. b7 Rd2 33. bxc8=Q+ Qxc8 34. Qc3 exf2+ 35. Kh1 Rd4 36. Qf3 f1=Q+ 37. Rxf1 Bxf1 38. Bxf1 Qc7 39. Qa8+ Rd8 40. Bc4+ Kg7 41. Qf3 Qxa7 42. Qc3+ Rd4 0-1


[Site "https://www.chess.com"]

[Event "Titled Tuesday Blitz September 20 Late 2022"]
[White "Bluebaum, Matthias"]
[Black "Kavutskiy, Konstantin"]
[WhiteFideId "24651516"]
[BlackFideId "2026384"]
[WhiteElo "2633"]
[BlackElo "2338"]
[Result "1-0"]
[Round "06"]
[TimeControl "180+1"]
[Date "2022.09.20"]
[WhiteClock "0:01:02"]
[BlackClock "0:00:11"]

1. d4 Nf6 2. c4 g6 3. Nc3 Bg7 4. e4 d6 5. Nf3 O-O 6. Be2 e5 7. Be3 exd4 8. Nxd4 Re8 9. f3 c6 10. Qd2 d5 11. exd5 cxd5 12. O-O Nc6 13. Rad1 Nxd4 14. Bxd4 dxc4 15. Bxc4 Be6 16. Bb5 Rf8 17. Qf2 Qa5 18. Qh4 Nh5 19. Bd7 Bxd7 20. Bxg7 Nxg7 21. Rxd7 Qb6+ 22. Qf2 Qxf2+ 23. Kxf2 b6 24. Rfd1 h5 25. Rb7 Rfb8 26. Rdd7 Rxb7 27. Rxb7 Nf5 28. Rd7 Kf8 29. g4 Ke8 30. Rc7 hxg4 31. fxg4 Nd4 32. Nd5 Ne6 33. h4 Rd8 34. Nf6+ Kf8 35. Rxa7 Rd2+ 36. Ke3 Rxb2 37. g5 b5 38. Ke4 b4 39. Ke5 Re2+ 40. Kd6 Rd2+ 41. Kc6 Rc2+ 42. Kb5 Rh2 43. Kc6 Rxh4 44. Ra8+ 1-0


[Site "https://www.chess.com"]

[Event "Titled Tuesday Blitz September 20 Late 2022"]
[White "Bortnyk, Olexandr"]
[Black "Donchenko, Alexander"]
[WhiteFideId "14120828"]
[BlackFideId "24603295"]
[WhiteElo "2723"]
[BlackElo "2572"]
[Result "1-0"]
[Round "06"]
[TimeControl "180+1"]
[Date "2022.09.20"]
[WhiteClock "0:00:46"]
[BlackClock "0:00:38"]

1. e4 c6 2. c4 d5 3. cxd5 cxd5 4. exd5 Nf6 5. Qa4+ Nbd7 6. Nc3 g6 7. Bc4 Bg7 8. d3 O-O 9. Nf3 a6 10. Qa3 Nb6 11. Qb3 Nxc4 12. dxc4 b5 13. cxb5 axb5 14. O-O b4 15. Qxb4 Nxd5 16. Nxd5 Qxd5 17. Re1 Rxa2 18. Rxa2 Qxa2 19. Qxe7 Bg4 20. Ne5 Be6 21. h4 Rc8 22. Nf3 Bxb2 23. Bxb2 Qxb2 24. Rxe6 Rc2 25. Qe8+ Kg7 26. Re7 Qc1+ 27. Ne1 1-0


[Site "https://www.chess.com"]

[Event "Titled Tuesday Blitz September 20 Late 2022"]
[White "Christiansen, Johan-Sebastian"]
[Black "Bortnyk, Mykola"]
[WhiteFideId "1512668"]
[BlackFideId "14120836"]
[WhiteElo "2513"]
[BlackElo "2582"]
[Result "1/2-1/2"]
[Round "06"]
[TimeControl "180+1"]
[Date "2022.09.20"]
[WhiteClock "0:00:13"]
[BlackClock "0:00:11"]

1. e4 Nf6 2. e5 Nd5 3. d4 d6 4. Nf3 dxe5 5. Nxe5 c6 6. Be2 Bf5 7. O-O Nd7 8. Nf3 e6 9. c4 N5f6 10. Nc3 Bd6 11. Bg5 Qc7 12. Re1 O-O 13. Bh4 Rfe8 14. Rc1 e5 15. c5 Be7 16. Bg3 Nh5 17. Bxe5 Nxe5 18. Nxe5 Nf4 19. Bc4 Be6 20. Qf3 Bxc4 21. Nxc4 Rad8 22. Ne4 Rxd4 23. Ned6 Rf8 24. Nf5 Bxc5 25. Nxd4 Bxd4 26. b3 c5 27. Ne3 Nd3 28. Nd5 Nxe1 29. Rxe1 Qa5 30. Re7 Qxa2 31. h4 b5 32. h5 c4 33. bxc4 Qxc4 34. Rc7 Bc5 35. g3 Qd4 36. Kg2 b4 37. h6 a5 38. hxg7 Kxg7 39. Nf4 Qxf2+ 40. Qxf2 Bxf2 41. Ne6+ Kf6 42. Nxf8 Bd4 43. Rb7 Ke5 44. Rb5+ Ke4 45. Rxa5 Kd3 46. Rb5 Kc4 47. Rb7 b3 48. Nxh7 Bc3 49. Rxf7 b2 50. Rf1 Bd2 51. Rb1 Kb3 52. Nf6 Kc2 53. Rxb2+ Kxb2 54. Kf3 Kb3 55. Ke4 Kc4 56. Nd5 Kc5 57. Ke5 Kc6 58. Ke6 Kc5 59. g4 Kc6 60. Nf6 Kc7 61. Ne4 Bc1 62. Nd6 Kd8 63. Nf7+ Ke8 64. Kf6 Kf8 65. Kg6 Kg8 66. Nh6+ Kf8 67. Nf5 Kg8 68. Kf6 Kf8 69. Nd6 Kg8 70. Kf5 Kg7 71. Ne4 Kf7 72. Ng3 Kg7 73. Ne2 Bd2 74. Nd4 Kf7 75. Ne6 Bc1 76. Ng5+ Kg7 77. Ne4 Kf7 78. Ke5 Kg6 79. Ke6 Bd2 80. Kd5 Bc1 81. Ke5 Bd2 82. Kd4 Bc1 83. Kd3 Bf4 84. Ke2 Bc1 85. Kf3 Bb2 86. Nd6 Bc1 87. Nc4 Bg5 88. Ke4 Kf6 89. Ne5 Bc1 90. Nf3 Kg6 91. Kd3 Kf6 92. Ke2 Kg6 93. Kf2 Kf6 94. Kg3 Kg6 95. Ne5+ Kf6 96. Nd3 Bd2 97. Kf3 Kg6 98. Nf2 Bc1 99. Kg3 Be3 100. Ne4 Bc1 101. Kf3 Bg5 102. Ke2 Bf4 103. Kd3 Bh6 104. Ke2 Bg5 105. Kf3 Bh6 106. Kg3 Bg5 107. Kh3 Bh6 108. Kh4 Bf4 109. Nf2 1/2-1/2


[Site "https://www.chess.com"]

[Event "Titled Tuesday Blitz September 20 Late 2022"]
[White "Danielyan, Vahe"]
[Black "Panarin, Mikhail"]
[WhiteFideId "13304828"]
[BlackFideId "4153251"]
[WhiteElo "2421"]
[BlackElo "2495"]
[Result "0-1"]
[Round "06"]
[TimeControl "180+1"]
[Date "2022.09.20"]
[WhiteClock "0:02:10"]
[BlackClock "0:02:29"]

1. e4 c5 2. g3 Nc6 3. Bg2 g6 4. d3 Bg7 5. f4 d6 6. Nf3 e6 7. O-O Nge7 8. Nc3 O-O 9. Be3 Nd4 10. h3 Bd7 11. Qd2 Rb8 12. Rae1 b5 13. g4 f5 14. gxf5 b4 15. fxg6 bxc3 16. gxh7+ Kh8 17. bxc3 Nxf3+ 18. Rxf3 Ng6 19. Qf2 Bxc3 20. Rf1 0-1


[Site "https://www.chess.com"]

[Event "Titled Tuesday Blitz September 20 Late 2022"]
[White "Fernandez De La Vara, Arnaldo"]
[Black "Zhigalko, Sergei"]
[WhiteFideId "3518388"]
[BlackFideId "13502956"]
[WhiteElo "2387"]
[BlackElo "2662"]
[Result "1-0"]
[Round "06"]
[TimeControl "180+1"]
[Date "2022.09.20"]
[WhiteClock "0:00:05"]
[BlackClock "0:00:01"]

1. Nf3 d5 2. b3 Bf5 3. Bb2 e6 4. d3 Nf6 5. g3 h6 6. Bg2 Be7 7. O-O O-O 8. Nbd2 a5 9. a4 c6 10. Qe1 Na6 11. e4 Bh7 12. Qe2 Re8 13. Kh1 Nb4 14. Ne1 Qb6 15. e5 Nd7 16. f4 Qa6 17. g4 Rad8 18. Ndf3 c5 19. Bh3 c4 20. Rd1 cxd3 21. cxd3 d4 22. Nxd4 Nc5 23. f5 exf5 24. gxf5 Bg5 25. Rf3 Rxd4 26. Bxd4 Nxb3 27. Bb2 Qc6 28. Bg2 Qxa4 29. d4 Nd5 30. Nd3 Nxd4 31. Bxd4 Qxd4 32. Nf2 Nf4 33. Rxd4 Nxe2 34. Rd7 Rxe5 35. f6 Bxf6 36. Ng4 Re8 37. Rxf6 gxf6 38. Nxf6+ Kf8 39. Nxe8 Kxe8 40. Rxb7 Bd3 41. Ra7 Nf4 42. Bc6+ Kf8 43. Rxa5 Bg6 44. Bf3 Ne6 45. Re5 Nd4 46. Bg2 Ne6 47. Kg1 Nf4 48. Bf1 Ne6 49. Kf2 Ng5 50. Kg3 Ne4+ 51. Kf4 Ng5 52. Ra5 Ne6+ 53. Ke5 Kg7 54. h4 h5 55. Bc4 1-0


[Site "https://www.chess.com"]

[Event "Titled Tuesday Blitz September 20 Late 2022"]
[White "Fiorito, Joaquin"]
[Black "Kalogeris, Ioannis"]
[WhiteFideId "180173"]
[BlackFideId "4239563"]
[WhiteElo "1758"]
[BlackElo "2291"]
[Result "0-1"]
[Round "06"]
[TimeControl "180+1"]
[Date "2022.09.20"]
[WhiteClock "0:01:15"]
[BlackClock "0:00:16"]

1. d4 Nf6 2. Nc3 d5 3. Bf4 c6 4. e3 g6 5. Be2 Bg7 6. h4 h5 7. Nf3 Bg4 8. Ne5 Bxe2 9. Qxe2 Nbd7 10. O-O-O Nxe5 11. Bxe5 Kf8 12. f3 Nd7 13. Bxg7+ Kxg7 14. e4 e6 15. e5 c5 16. g4 Qb6 17. dxc5 Nxc5 18. Rhg1 Rac8 19. f4 d4 20. Ne4 d3 21. Qg2 Na4 22. c3 Rc4 23. Rxd3 Rxe4 24. gxh5 Rxh5 25. Rg3 Qxb2+ 26. Qxb2 Nxb2 27. Kxb2 Rxf4 28. Rd1 Rxe5 29. Rd7 Rb5+ 30. Ka3 Rxh4 31. Rf3 Rf5 32. Re3 Kf6 33. Rxb7 g5 34. Rxa7 g4 35. Ra4 Rh3 36. Re1 Rxc3+ 37. Kb2 Rg3 38. Rae4 Rf2+ 39. R1e2 Rxe2+ 40. Rxe2 Rf3 41. a4 g3 42. a5 Rf2 0-1


[Site "https://www.chess.com"]

[Event "Titled Tuesday Blitz September 20 Late 2022"]
[White "Girel, Joseph"]
[Black "Gurevich, Dmitry"]
[WhiteFideId "36033561"]
[BlackFideId "2000407"]
[WhiteElo "2104"]
[BlackElo "2506"]
[Result "1-0"]
[Round "06"]
[TimeControl "180+1"]
[Date "2022.09.20"]
[WhiteClock "0:00:30"]
[BlackClock "0:00:05"]

1. d4 Nf6 2. Nc3 d5 3. Bg5 Nbd7 4. f3 h6 5. Bh4 e6 6. e4 Be7 7. e5 Nh7 8. Bxe7 Qxe7 9. f4 a6 10. Nf3 O-O 11. Bd3 f5 12. Ne2 c5 13. c3 b5 14. O-O b4 15. cxb4 c4 16. Bc2 Qxb4 17. b3 Bb7 18. a3 Qb6 19. Nc3 cxb3 20. Bxb3 Rac8 21. Na4 Qa5 22. Qe1 Qxe1 23. Rfxe1 g5 24. g3 Bc6 25. Nc5 Nxc5 26. dxc5 Kf7 27. Nd4 Ke7 28. Rab1 Rg8 29. Bc2 Nf8 30. Rb6 Bb5 31. a4 Be8 32. c6 gxf4 33. Rb7+ Kd8 34. Bxf5 Bxc6 35. Rb6 Bd7 36. Rd6 Ke7 37. Bh3 fxg3 38. Rb1 gxh2+ 39. Kxh2 Rc4 40. Rd1 Rxa4 41. Rd2 Ra3 42. Rb2 Rd3 43. Nc6+ Bxc6 44. Rxc6 Rxh3+ 45. Kxh3 Nd7 46. Rb7 Rd8 47. Rxa6 d4 48. Rd6 Ke8 49. Rxe6+ Kf7 50. Rd6 Ke7 51. Rxd4 Ke6 52. Rd6+ Ke7 53. Rxh6 Ke8 54. Rh8+ Nf8 55. e6 Rd3+ 56. Kg2 1-0


[Site "https://www.chess.com"]

[Event "Titled Tuesday Blitz September 20 Late 2022"]
[White "Godzwon, Iwo"]
[Black "Rasulov, Vugar"]
[WhiteFideId "21802483"]
[BlackFideId "13402390"]
[WhiteElo "2201"]
[BlackElo "2509"]
[Result "0-1"]
[Round "06"]
[TimeControl "180+1"]
[Date "2022.09.20"]
[WhiteClock "0:00:01"]
[BlackClock "0:00:26"]

1. e4 e5 2. Nf3 Nc6 3. Bb5 Nf6 4. O-O Nxe4 5. Re1 Nd6 6. Nxe5 Be7 7. Bd3 Nxe5 8. Rxe5 O-O 9. Re3 g6 10. Nc3 Ne8 11. b3 c6 12. Bb2 d5 13. Re1 Bf6 14. Na4 Nd6 15. Qf3 Bxb2 16. Nxb2 Kg7 17. Re2 Qf6 18. Qxf6+ Kxf6 19. Rae1 Be6 20. c3 a5 21. Bc2 h5 22. Na4 b5 23. Nc5 Rfe8 24. d4 g5 25. f3 h4 26. Kf2 Re7 27. Re5 Rae8 28. g3 hxg3+ 29. hxg3 Rh8 30. Kg2 b4 31. cxb4 axb4 32. Bd3 Bh3+ 33. Kf2 Ra7 34. R1e2 Bf5 35. g4 Rh2+ 36. Kg3 Rxe2 37. Rxe2 Be6 38. Na6 Rb7 39. Rc2 Rb6 40. Nc5 Bc8 41. f4 Rb8 42. Re2 Ra8 43. Rh2 gxf4+ 44. Kxf4 Ke7 45. g5 Be6 46. Re2 Rh8 47. g6 Rh4+ 48. Kg5 Rxd4 49. Rg2 fxg6 50. Re2 Rg4+ 51. Kh6 Ne4 52. Bxe4 dxe4 53. Nxe4 Rh4+ 54. Kxg6 Kf8 55. Ng5 Bg8 56. Re4 Rh2 57. Rxb4 Ke7 58. Rb7+ Kd6 59. Rb8 Bd5 60. Rd8+ Kc7 61. Ra8 Kb7 62. Ra5 Kb6 63. b4 Bxa2 64. Kf6 Rb2 65. Ne4 Bd5 66. Nd6 Rxb4 67. Ra1 Kc5 68. Ke5 Rb2 69. Rc1+ Kb4 70. Ne4 Re2 71. Rb1+ Ka3 0-1


[Site "https://www.chess.com"]

[Event "Titled Tuesday Blitz September 20 Late 2022"]
[White "Gomez Ledo, Roberto Carlos"]
[Black "Pakleza, Zbigniew"]
[WhiteFideId "3507076"]
[BlackFideId "1119290"]
[WhiteElo "2379"]
[BlackElo "2411"]
[Result "0-1"]
[Round "06"]
[TimeControl "180+1"]
[Date "2022.09.20"]
[WhiteClock "0:00:04"]
[BlackClock "0:00:05"]

1. d4 d6 2. Bf4 Nc6 3. Nf3 Bg4 4. Nbd2 Nf6 5. h3 Bh5 6. Bh2 e6 7. c3 d5 8. e3 Bd6 9. Qb3 Rb8 10. Ne5 Bxe5 11. dxe5 Nd7 12. Bb5 O-O 13. f4 Qh4+ 14. g3 Qxh3 15. Bf1 Qg4 16. Bg1 Nc5 17. Qa3 Ne4 18. Nxe4 dxe4 19. Rh4 Qf3 20. Qb3 Rfd8 21. Qc2 Rd5 22. Rxh5 Qxh5 23. Qg2 Rbd8 24. Be2 Qg6 25. Qh3 Rd2 26. Bh5 Qh6 27. Bf2 Rxb2 28. Qh4 f6 29. g4 g6 30. Qxf6 Qg7 31. Qxe6+ Qf7 0-1


[Site "https://www.chess.com"]

[Event "Titled Tuesday Blitz September 20 Late 2022"]
[White "Goroshkov, Maksym"]
[Black "Kravtsiv, Martyn"]
[WhiteFideId "14142716"]
[BlackFideId "14113147"]
[WhiteElo "2257"]
[BlackElo "2694"]
[Result "1-0"]
[Round "06"]
[TimeControl "180+1"]
[Date "2022.09.20"]
[WhiteClock "0:01:10"]
[BlackClock "0:00:03"]

1. e4 e6 2. d4 d5 3. exd5 exd5 4. c4 Nf6 5. Nc3 Bb4 6. Nf3 O-O 7. Be2 dxc4 8. Bxc4 Bg4 9. O-O Nc6 10. Be3 h6 11. h3 Bh5 12. g4 Bg6 13. Ne5 Nxe5 14. dxe5 Ne4 15. Nxe4 Bxe4 16. Qb3 a5 17. a3 Be7 18. Rad1 Qe8 19. f3 Bc6 20. Qc3 Kh8 21. f4 f6 22. e6 f5 23. Bd4 Qg6 24. Bd3 Rad8 25. Kh2 Bd6 26. Rf2 Be4 27. Bxe4 fxe4 28. Rdf1 Kh7 29. Kg2 Qxe6 30. Bxg7 Rf7 31. f5 Qd5 32. f6 e3+ 33. Rf3 Qd2+ 34. Qxd2 exd2 35. Rd3 Re8 36. Rxd2 Re3 37. Rf3 Re4 38. Rb3 b6 39. Rbd3 Kg6 40. Rd5 Re6 41. Rf5 Re3 42. Rh5 Rg3+ 43. Kf2 Rb3 44. Rxh6+ Kg5 45. Rh5+ 1-0


[Site "https://www.chess.com"]

[Event "Titled Tuesday Blitz September 20 Late 2022"]
[White "Hansen, Eric"]
[Black "Tillyaev, Ulugbek"]
[WhiteFideId "2606771"]
[BlackFideId "14202441"]
[WhiteElo "2568"]
[BlackElo "2377"]
[Result "1-0"]
[Round "06"]
[TimeControl "180+1"]
[Date "2022.09.20"]
[WhiteClock "0:01:04"]
[BlackClock "0:00:09"]

1. e4 c5 2. Nf3 e6 3. d4 cxd4 4. Nxd4 a6 5. Bd3 Nc6 6. Nxc6 dxc6 7. Nd2 Qc7 8. Qg4 Nf6 9. Qg3 Qxg3 10. hxg3 e5 11. Nc4 Nd7 12. a4 b6 13. Be3 Rb8 14. f4 f6 15. O-O-O Be7 16. g4 O-O 17. f5 Nc5 18. a5 Nxd3+ 19. Rxd3 bxa5 20. Nxa5 Rb5 21. Nxc6 Bc5 22. Bxc5 Rxc5 23. Rd6 h6 24. Ne7+ Kf7 25. Nd5 a5 26. Rh3 Kg8 27. Rb3 Rc4 28. Rb8 Ba6 29. Rxf8+ Kxf8 30. Rxa6 Rxe4 31. Ra8+ Kf7 32. Ra7+ Kg8 33. Ne7+ Kh7 34. Ng6 h5 35. g5 1-0


[Site "https://www.chess.com"]

[Event "Titled Tuesday Blitz September 20 Late 2022"]
[White "Harvey, Marcus R"]
[Black "Yurovskykh, Oleksandr"]
[WhiteFideId "400092"]
[BlackFideId "14134020"]
[WhiteElo "2485"]
[BlackElo "2303"]
[Result "0-1"]
[Round "06"]
[TimeControl "180+1"]
[Date "2022.09.20"]
[WhiteClock "0:00:42"]
[BlackClock "0:00:44"]

1. Nf3 d5 2. b3 Bg4 3. Bb2 Bxf3 4. exf3 e6 5. f4 Nf6 6. Qf3 g6 7. c4 Bg7 8. cxd5 Qxd5 9. Qxd5 exd5 10. f5 O-O 11. Bd3 Re8+ 12. Kf1 Nbd7 13. fxg6 hxg6 14. Nc3 c6 15. h4 Nc5 16. Rh3 Nxd3 17. Rxd3 Ne4 18. f3 Nc5 19. Re3 Rxe3 20. dxe3 Nd3 21. Ke2 Nxb2 22. Kd2 b5 23. a3 a5 24. Kc2 Nc4 25. bxc4 dxc4 26. Rd1 b4 27. Na4 b3+ 28. Kb1 c3 29. Rd3 c2+ 30. Kc1 Rb8 31. Nb2 c5 32. Rd5 Bxb2+ 33. Kxb2 c4 34. Rc5 Rd8 35. Rxc4 Rd1 0-1


[Site "https://www.chess.com"]

[Event "Titled Tuesday Blitz September 20 Late 2022"]
[White "Iliaguev, Nisim"]
[Black "Nakamura, Hikaru"]
[WhiteFideId "2817276"]
[BlackFideId "2016192"]
[WhiteElo "2107"]
[BlackElo "2850"]
[Result "0-1"]
[Round "06"]
[TimeControl "180+1"]
[Date "2022.09.20"]
[WhiteClock "0:01:25"]
[BlackClock "0:02:22"]

1. d4 g6 2. Nf3 Bg7 3. g3 d6 4. Bg2 Bd7 5. O-O Qc8 6. c4 Nc6 7. h4 h6 8. Nc3 g5 9. d5 Ne5 10. h5 Nxc4 11. Qb3 Nb6 12. a4 a5 13. Be3 Nf6 14. Bxb6 cxb6 15. Rac1 Qd8 16. e4 Nxh5 17. Rfe1 O-O 18. e5 g4 19. exd6 exd6 20. Nd2 f5 21. Nc4 f4 22. Qxb6 fxg3 23. Ne4 gxf2+ 24. Nxf2 Qxb6 25. Nxb6 Bd4 26. Nxd7 Bxf2+ 27. Kh2 Bxe1 28. Nxf8 Bg3+ 0-1


[Site "https://www.chess.com"]

[Event "Titled Tuesday Blitz September 20 Late 2022"]
[White "Jaracz, Pawel"]
[Black "Lenderman, Aleksandr"]
[WhiteFideId "1102222"]
[BlackFideId "2021285"]
[WhiteElo "2459"]
[BlackElo "2607"]
[Result "0-1"]
[Round "06"]
[TimeControl "180+1"]
[Date "2022.09.20"]
[WhiteClock "0:00:01"]
[BlackClock "0:00:05"]

1. e4 e6 2. d4 d5 3. Nd2 dxe4 4. Nxe4 Nd7 5. Nf3 Ngf6 6. Nxf6+ Nxf6 7. Be3 Bd6 8. Bd3 O-O 9. Qe2 b6 10. O-O-O Bb7 11. Ne5 Nd5 12. Bd2 c5 13. dxc5 bxc5 14. f4 Rc8 15. Kb1 Bxe5 16. fxe5 Qb6 17. Qh5 g6 18. Qh4 c4 19. Bxc4 Ne3 20. Bb3 Nxd1 21. Bh6 Qf2 22. Qb4 Bd5 23. Bxf8 Bxb3 24. Qxb3 Nxb2 25. Bd6 Nc4 26. Qb7 Na3+ 27. Bxa3 Qxc2+ 28. Ka1 Rd8 29. Rc1 Qd3 30. Qxa7 Kg7 31. Qe7 Qd4+ 32. Bb2 Qd2 33. Qf6+ Kg8 34. Rf1 Rd7 35. g4 h6 36. h4 Rb7 37. Qf2 Qd5 38. h5 g5 39. a3 Qb3 40. Qd2 Kh7 41. Rc1 Qf3 42. Rc3 Qxg4 43. Qc2+ Kg7 44. Rc4 Qf3 45. Rc3 Qh1+ 46. Ka2 Qd5+ 47. Rb3 g4 48. a4 g3 49. Ka3 g2 50. Rg3+ Kf8 51. Rxg2 Qf3+ 0-1


[Site "https://www.chess.com"]